 Dungeon Crawl Stone Soup version 0.30-a0-778-g2ef04afb54 (webtiles) character file.

Game seed: 16798868173731943582

307 bande the Covered (level 6, -6/38 HPs)
             Began as a Gargoyle Fighter on Feb 16, 2023.
             Mangled by an ogre
             ... wielding a +0 giant club
              (27 damage)
             ... on level 5 of the Dungeon.
             The game lasted 00:03:40 (2527 turns).

bande the Covered (Gargoyle Fighter)                Turns: 2527, Time: 00:03:41

Health: -6/38      AC: 16    Str: 19    XL:     6   Next: 40%
Magic:  6/6        EV:  7    Int:  9    God:
Gold:   210        SH:  4    Dex: 11    Spells: 5/5 levels left

rFire   . . .      SeeInvis .    a - +0 war axe
rCold   . . .      Faith    .    c - +0 buckler
rNeg    + . .      Spirit   .    o - +0 chain mail
rPois   ∞          Reflect  .    q - +0 helmet
rElec   +          Harm     .    (no cloak)
rCorr   .          Rampage  .    (no gloves)
Will    .....                    p - +0 pair of boots Stlth
                                 (no amulet)
HPRegen 0.26/turn                (no ring)
MPRegen 0.10/turn                (no ring)

@: no status effects
A: sickness immunity, AC +4, negative energy resistance 1, electricity
resistance, torment resistance 1, petrification resistance
a: no special abilities


You were on level 5 of the Dungeon.
You visited 1 branch of the dungeon, and saw 6 of its levels.

You collected 210 gold pieces.

Inventory:

Hand Weapons
 a - a +0 war axe (weapon)
 j - a +0 flail
Armour
 c - a +0 buckler (worn)
 o - a +0 chain mail (worn)
 p - a +0 pair of boots (worn)
 q - a +0 helmet (worn)
Scrolls
 e - 2 scrolls of poison {unknown}
 h - 2 scrolls of amnesia {unknown}
 i - 3 scrolls of immolation {unknown}
 l - 2 scrolls of teleportation {unknown}
 m - 5 scrolls of identify {unknown}
Potions
 b - 2 potions of curing {unknown}
 d - 2 potions of might
 f - a potion of flight {unknown}
 g - 2 potions of attraction {unknown}
 k - a potion of resistance {unknown}
 n - 2 potions of haste {unknown}


   Skills:
 + Level 4.1 Fighting
 + Level 4.4 Axes
 + Level 4.9 Armour
 + Level 3.7 Shields


You had 5 spell levels left.
You didn't know any spells.
Your spell library was empty.

Dungeon Overview and Level Annotations

Branches:
Dungeon (6/15)
 Temple: D:4-7

Altars:


Innate Abilities, Weirdness & Mutations

You are immune to sickness and miasma.
Your stone body is resilient. (AC +4)
You are immune to poison.
You resist negative energy. (rN+)
You are resistant to electric shocks. (rElec)
You are resistant to unholy torment.
You are immune to petrification.


Message History

HP restored.
You see here the felid corpse of Natasha.
Done exploring.
Done exploring.
Done exploring.
Done exploring.
There is a stone staircase leading down here.
You climb downwards.
A sourceless malevolence fills the Dungeon...
You fall into a shaft and drop 2 floors!
The shaft crumbles and collapses.
Found 15 gold pieces.
You now have 210 gold pieces (gained 15).
You open the door.
There is an open door here.
Found a stone staircase leading up.
Found a club.
No target in view!
There is a stone staircase leading up here.
You climb upwards.
There is a stone staircase leading down here.
An ogre comes into view. It is wielding a +0 giant club.
The ogre shouts!
An ogre is nearby!
You slash the ogre!
The ogre is heavily wounded.
You block the ogre's attack.
You slash the ogre!
The ogre is severely wounded.
The ogre hits you with a +0 giant club!!
You completely miss the ogre.
The ogre is severely wounded.
You hit the ogre but do no damage.
The ogre is severely wounded.
The ogre barely misses you.
You hit the ogre.
The ogre is severely wounded.
The ogre hits you with a +0 giant club!!
Ouch! That really hurt!
You die...

####.#+###...#
.............
..##........#
#.##........#
#.##......... #
#.##..........
#.####.............
..#.....####.###.....
.......>.....@O......
........#.##.###.#.#.
...........#.#
........#..#.#
........#....#
.######.# .... #.#
##.# #.# #.#


You could see an ogre.

Vanquished Creatures
  2 orc priests (D:3)
  Natasha (thrice) (D:3)
  2 orc wizards (D:3)
  Robin (D:3)
  4 adders (D:3)
  A gnoll (D:1)
  A worm (D:3)
  4 orcs (D:3)
  5 ball pythons
  2 endoplasms
  13 goblins
  5 hobgoblins
  7 jackals (D:2)
  2 kobolds (D:1)
  2 quokkas
  6 bats
  3 frilled lizards
  3 rats
66 creatures vanquished.

Notes
Turn   | Place    | Note
-------+----------+-------------------------------------------
     0 | D:1      | bande the Gargoyle Fighter began the quest for the Orb.
     0 | D:1      | Reached XP level 1. HP: 14/14 MP: 1/1
   175 | D:1      | Reached XP level 2. HP: 14/19 MP: 2/2
   439 | D:1      | Reached XP level 3. HP: 10/23 MP: 3/3
  1655 | D:3      | Reached XP level 4. HP: 29/29 MP: 4/4
  1720 | D:3      | Noticed Natasha
  1726 | D:3      | Reached XP level 5. HP: 31/33 MP: 5/5
  1735 | D:3      | Killed Natasha
  1876 | D:3      | Noticed Robin
  1895 | D:3      | Killed Robin
  2082 | D:3      | Reached XP level 6. HP: 34/38 MP: 6/6
  2128 | D:3      | Noticed Natasha
  2146 | D:3      | Killed Natasha
  2380 | D:3      | Noticed Natasha
  2396 | D:3      | Killed Natasha
  2483 | D:4      | You fall into a shaft and drop 2 floors!
  2513 | D:5      | Entered Level 5 of the Dungeon
  2527 | D:5      | Mangled by an ogre

Illustrated notes

Levels and vault maps discovered:
D:1:      dpeg_arrival_concentric_ovals, layout_loops_ring
D:2:      layout_basic, minivault_5, chequers_serial_rivers_micro_a,
          minmay_misc_feat_pillars
D:3:      cheibrodos_pilgrimage, layout_rooms, uniq_robin, uniq_natasha
D:4:      layout_loops_corners, nicolae_vehumet_radiance,
          mainiacjoe_overflow_alcove_2, roderic_roman_lattice,
          minmay_crystal_water
D:5:      layout_basic, lemuel_round_altar, gammafunk_ghost_necromancy
D:6:      layout_loops_corners, kennysheep_okawaru_gauntlet, serial_rivers,
          chequers_serial_rivers_marsh, chequers_serial_rivers_large_b,
          chequers_serial_rivers_micro_d, chequers_serial_rivers_micro_e,
          uniq_crazy_yiuf_cottage

Skill      XL: |  1  2  3  4  5 |
---------------+----------------+-----
Axes           | 2 3 4 |  4.4
Armour         | 4 |  4.9
Fighting       | 4 |  4.1
Shields        | |  3.7

Action                     |  1- 3 |  4- 6 || total
---------------------------+-------+-------++-------
  Melee: War axe           |    73 |   137 ||   210
 Armour: Scale mail        |    32 |       ||    32
         Chain mail        |     8 |   111 ||   119
  Dodge: Dodged            |    35 |    56 ||    91
  Block: Buckler           |    14 |    24 ||    38

Table legend: (Time is in decaauts)
 A = Elapsed time spent in this place.
 B = Non-inter-level travel time spent in this place.
 C = Inter-level travel time spent in this place.
 D = Time resting spent in this place.
 E = Time spent auto-exploring this place.
 F = Levels seen in this place.
 G = Mean time per level.
                   A        B        C        D        E       F      G
               +--------+--------+--------+--------+--------+-----+--------+
         Total |   2615 |   2615 |      0 |    439 |   1533 |   6 |  435.8 |
       Dungeon |   2615 |   2615 |      0 |    439 |   1533 |   6 |  435.8 |
               +--------+--------+--------+--------+--------+-----+--------+

Top non-repeatable levels by time:
     D:3: 985 daAuts
     D:1: 850 daAuts
     D:2: 735 daAuts
     D:6: 29 daAuts
     D:5: 15 daAuts
